Map: Jagannatha LE

Players

Trap - Winner!

  • Race: Protoss Protoss

Reynor

  • Race: Zerg Zerg

Event: TSL 7

VOD

Have the link to the VOD?

Description

Time

  • Played on: June 27, 2021, 2:59 p.m.
  • Length: 13:48

All games in this series

Show
View Real Time Build Order
Export as new Build Order

Trap Protoss - Winner!

Build Orders: 1 Gate Expand 

Get SALT Encoding   

  12  0:00  Probe  
  13  0:14  Pylon  
  13  0:17  Probe (Chrono Boost)  
  14  0:26  Probe (Chrono Boost)  
  15  0:31  Probe (Chrono Boost)  
  16  0:41  Gateway  
  16  0:43  Probe  
  17  0:50  Assimilator  
  17  0:55  Probe  
  18  1:07  Probe  
  19  1:19  Probe  
  20  1:27  Nexus  
  20  1:36  Cybernetics Core  
  20  1:38  Probe  
  21  1:46  Assimilator  
  21  1:51  Probe  
  22  1:54  Pylon  
  22  2:02  Probe  
  23  2:10  Probe, Stalker (Chrono Boost)  
  23  2:12  Warp Gate (Chrono Boost)  
  26  2:18  Probe  
  26  2:27  Twilight Council  
  27  2:30  Probe (Chrono Boost)  
  27  2:35  Adept  
  30  2:39  Probe (Chrono Boost)  
  32  2:48  Probe (Chrono Boost)  
  32  2:49  Probe (Chrono Boost)  
  33  2:54  Probe x2  
  35  2:58  Gateway  
  35  3:05  Adept  
  37  3:10  Gateway  
  37  3:13  Probe  
  37  3:14  Probe  
  37  3:16  Resonating Glaives (Chrono Boost)  
  39  3:25  Probe  
  41  3:29  Pylon  
  41  3:31  Pylon  
  41  3:33  Pylon  
  38  3:44  Probe x2  
  40  3:49  Gateway  
  40  3:56  Gateway  
  40  3:57  Sentry  
  40  3:59  Gateway  
  42  4:06  Dark Shrine  
  42  4:07  Probe x2  
  44  4:14  Gateway  
  44  4:21  Sentry  
  44  4:22  Probe (Chrono Boost)  
  48  4:25  Probe (Chrono Boost)  
  48  4:26  Assimilator  
  48  4:29  Assimilator  
  48  4:34  Probe (Chrono Boost)  
  48  4:37  Probe (Chrono Boost)  
  50  4:38  Probe (Chrono Boost)  
  50  4:43  Pylon  
  51  4:46  Probe  
  51  4:51  Probe  
  53  4:54  Adept x3  
  53  4:58  Probe  
  58  5:09  Adept x2  
  58  5:13  Probe x2  
  64  5:17  Nexus  
  64  5:20  Pylon  
  62  5:23  Dark Templar, Robotics Facility  
  62  5:27  Dark Templar  
  66  5:31  Probe x2  
  66  5:33  Sentry  
  70  5:39  Blink  
  70  5:43  Probe x2 (Chrono Boost)  
  70  5:48  Shield Battery  
  72  5:50  Shield Battery  
  72  5:51  Zealot  
  72  5:55  Probe x2 (Chrono Boost)  
  78  6:04  Probe x2 (Chrono Boost)  
  78  6:08  Zealot x2  
  78  6:10  Stalker  
  78  6:17  Probe x2  
  75  6:24  Stalker x2  
  70  6:28  Warp Prism (Chrono Boost)  
  68  6:36  Sentry x3  
  73  6:40  Probe x3  
  74  6:48  Stalker x2  
  74  6:50  Observer  
  74  6:53  Probe (Chrono Boost)  
  81  6:58  Probe x2 (Chrono Boost)  
  81  7:00  Pylon  
  82  7:05  Probe (Chrono Boost)  
  82  7:07  Probe x2 (Chrono Boost)  
  85  7:13  Probe  
  85  7:15  Assimilator  
  86  7:16  Assimilator  
  86  7:17  Probe x2  
  88  7:23  Pylon  
  88  7:32  Stalker x5  
  88  7:36  Gateway  
  96  7:39  Gateway  
  96  7:45  Gateway  
  96  7:46  Gateway  
  96  7:49  Pylon  
  96  7:50  Probe  
  96  7:51  Probe x2  
  97  8:02  Stalker x4  
  97  8:03  Stalker  
  105  8:10  Pylon  
  105  8:12  Pylon  
  105  8:14  Robotics Bay  
  105  8:21  Immortal (Chrono Boost)  
  105  8:22  Stalker  
  111  8:27  Pylon  
  111  8:28  Stalker x2  
  114  8:34  Stalker x2  
  114  8:39  Zealot x2  
  119  8:42  Probe x2  
  115  8:59  Colossus (Chrono Boost)  
  115  9:06  Probe x3  
  115  9:08  Stalker x3  
  130  9:10  Stalker  
  130  9:24  Forge  
  130  9:26  Pylon  
  122  9:39  Disruptor (Chrono Boost)  
  122  9:44  Stalker x3  
  122  9:45  Stalker  
  131  9:46  Robotics Facility  
  131  9:51  Nexus  
  131  9:54  Pylon  
  131  9:56  Protoss Ground Weapons Level 1 (Chrono Boost)  
  131  10:04  Sentry x4  
  135  10:19  Stalker x6  
  147  10:25  Disruptor (Chrono Boost)  
  148  10:32  Photon Cannon  
  146  10:43  Stalker x3  
  146  10:44  Stalker x2  
  146  10:48  Disruptor (Chrono Boost)  
  145  11:02  Observer (Chrono Boost)  
  144  11:08  Stalker x4  
  152  11:15  Disruptor (Chrono Boost)  
  131  11:25  Stalker x3  
  131  11:26  Stalker x3  
  131  11:29  Disruptor (Chrono Boost)  
  136  11:34  Zealot x2  
  120  11:50  Stalker x5  
  120  11:53  Disruptor (Chrono Boost)  
  122  11:57  Disruptor (Chrono Boost)  
  110  12:09  Stalker x3  
  110  12:10  Zealot  
  113  12:22  Probe  
  113  12:23  Probe x3, Disruptor (Chrono Boost), Warp Prism (Chrono Boost)  
  121  12:49  Disruptor x2 (Chrono Boost)  
  115  12:59  Dark Templar  
  115  13:02  Probe x4  
  115  13:04  Assimilator  
  115  13:05  Assimilator  
  121  13:07  Zealot x4  
  125  13:28  Stalker x8  
  125  13:29  Stalker  
  131  13:34  Zealot  
Show
View Real Time Build Order
Export as new Build Order

Reynor Zerg 

Build Orders: Hatch First, Lurkers 

Get SALT Encoding   

  12  0:00  Drone  
  13  0:12  Overlord  
  13  0:17  Drone  
  14  0:31  Drone x2  
  16  0:47  Drone  
  17  0:52  Hatchery  
  17  0:56  Drone  
  17  1:00  Drone  
  18  1:06  Extractor  
  17  1:16  Spawning Pool  
  16  1:18  Drone  
  16  1:24  Drone  
  18  1:29  Drone  
  19  1:40  Drone  
  20  1:49  Overlord  
  20  2:03  Zergling x2  
  20  2:04  Queen  
  20  2:06  Queen, Zergling x2  
  26  2:11  Metabolic Boost  
  26  2:16  Drone  
  26  2:18  Drone  
  26  2:22  Zergling x2  
  29  2:26  Zergling x2  
  30  2:36  Zergling x2  
  31  2:38  Zergling x2  
  32  2:46  Hatchery  
  32  2:50  Overlord  
  31  3:01  Overlord  
  31  3:08  Zergling x4  
  31  3:10  Zergling x4  
  35  3:14  Zergling x2  
  35  3:19  Overlord  
  36  3:21  Zergling x6  
  36  3:26  Drone x2  
  41  3:28  Drone  
  41  3:32  Drone  
  42  3:38  Queen  
  42  3:43  Drone x2  
  42  3:46  Drone  
  44  3:48  Drone  
  44  3:50  Drone  
  44  3:52  Drone  
  46  3:57  Overlord  
  46  4:00  Drone  
  46  4:02  Drone  
  47  4:09  Drone x3  
  50  4:12  Drone x2  
  50  4:16  Queen  
  52  4:18  Drone  
  52  4:20  Drone  
  52  4:22  Drone  
  57  4:31  Spore Crawler  
  56  4:32  Spore Crawler  
  56  4:33  Drone, Roach Warren  
  56  4:34  Drone  
  56  4:39  Spore Crawler  
  56  4:43  Drone x4  
  59  4:46  Drone  
  59  4:49  Overlord  
  61  4:52  Drone  
  61  4:53  Drone  
  61  4:54  Drone  
  61  4:57  Overlord  
  63  5:04  Overlord  
  60  5:15  Roach x5  
  60  5:17  Zergling x4  
  71  5:22  Extractor, Roach  
  71  5:26  Zergling x2  
  71  5:27  Zergling x10  
  78  5:28  Drone  
  78  5:30  Drone  
  78  5:31  Overlord  
  80  5:38  Drone  
  80  5:40  Drone  
  80  5:43  Drone  
  80  5:48  Extractor  
  80  5:50  Extractor  
  80  5:51  Drone x2  
  80  5:52  Drone  
  80  5:53  Drone x2  
  80  5:55  Overlord  
  80  5:56  Drone x2  
  86  5:58  Lair  
  86  5:59  Drone x3  
  86  6:00  Hatchery, Drone  
  88  6:05  Drone  
  88  6:06  Drone x2  
  90  6:12  Overlord  
  90  6:16  Drone  
  90  6:17  Drone  
  85  6:21  Overlord  
  85  6:22  Drone x2  
  85  6:23  Drone  
  86  6:26  Overlord  
  85  6:36  Drone x7, Extractor  
  85  6:37  Extractor, Overlord  
  88  6:41  Drone  
  86  6:48  Overlord  
  86  6:49  Drone x4  
  90  6:55  Overlord, Glial Reconstitution  
  90  6:57  Evolution Chamber, Roach  
  90  6:58  Roach  
  93  7:05  Drone  
  93  7:07  Drone x2  
  94  7:08  Overseer  
  94  7:10  Roach x3  
  100  7:17  Roach x3  
  100  7:19  Overlord  
  100  7:22  Drone x5  
  111  7:25  Zerg Missile Weapons Level 1  
  111  7:26  Infestation Pit, Roach  
  111  7:27  Roach  
  114  7:30  Overlord  
  114  7:32  Roach  
  114  7:34  Roach  
  114  7:35  Overseer  
  122  7:37  Roach x3  
  122  7:42  Ravager  
  122  7:43  Ravager x2, Roach  
  122  7:44  Zergling x4  
  131  7:47  Zergling x4, Roach x2  
  138  7:52  Zergling x4, Roach x2  
  138  7:58  Drone x3  
  138  8:01  Drone  
  138  8:03  Hive  
  133  8:12  Drone x3  
  131  8:14  Hydralisk Den  
  131  8:17  Hatchery, Roach x5  
  139  8:22  Overlord  
  139  8:32  Overlord  
  138  8:37  Roach x4  
  138  8:38  Roach x4  
  138  8:40  Overlord  
  148  8:50  Drone x4, Lurker Den  
  148  8:51  Drone  
  148  8:52  Drone x3  
  151  8:58  Overlord  
  151  9:00  Drone  
  151  9:01  Drone  
  155  9:03  Ravager x2  
  155  9:07  Overlord  
  155  9:09  Drone x2  
  157  9:14  Drone x5  
  157  9:15  Extractor  
  161  9:20  Overlord  
  161  9:21  Zerg Missile Weapons Level 2  
  159  9:26  Viper x2  
  159  9:28  Roach x3  
  159  9:30  Hydralisk x2  
  173  9:33  Roach  
  173  9:34  Roach  
  173  9:36  Roach  
  171  9:44  Drone x6  
  177  9:46  Extractor  
  177  9:48  Adaptive Talons  
  177  9:51  Spore Crawler  
  175  9:55  Hydralisk x2  
  175  9:56  Lurker  
  175  9:58  Lurker  
  175  10:18  Hydralisk x3  
  175  10:20  Drone x3  
  167  10:28  Lurker  
  167  10:29  Lurker  
  167  10:30  Overseer  
  167  10:33  Hydralisk x2  
  167  10:34  Zergling x26  
  185  10:41  Hydralisk  
  175  10:45  Seismic Spines  
  175  10:46  Hydralisk x4  
  172  10:53  Hydralisk x2  
  158  10:57  Zergling x6  
  158  11:02  Hydralisk x3  
  158  11:03  Hatchery  
  163  11:04  Zergling x2  
  163  11:08  Hydralisk  
  166  11:12  Overlord x2  
  166  11:18  Hatchery  
  161  11:20  Hydralisk x3  
  161  11:25  Hydralisk  
  134  11:32  Roach x3  
  129  11:36  Hydralisk x2  
  121  11:41  Hydralisk  
  121  11:42  Zergling x4  
  117  11:48  Roach x2  
  117  11:50  Roach  
  117  11:51  Roach  
  116  11:54  Roach  
  116  11:59  Roach x2  
  118  12:04  Roach x2  
  118  12:06  Roach x2  
  112  12:12  Hydralisk  
  112  12:15  Viper  
  114  12:18  Drone x2  
  115  12:23  Queen  
  115  12:26  Lurker  
  118  12:34  Lurker  
  116  12:39  Zergling x14  
  116  12:41  Hatchery  
  116  12:43  Hydralisk x2  
  117  12:44  Zergling x4  
  117  12:49  Hydralisk x2  
  113  12:53  Viper  
  116  13:02  Lurker x2  
  116  13:05  Hydralisk x2  
  120  13:07  Zergling x2  
  120  13:08  Zergling x8  
  127  13:15  Hydralisk  
  127  13:17  Overseer  
  122  13:22  Hydralisk x2  
Tags
 
Add a new tag
Caveats
  • Supply blocks, unpowered buildings, or Contaminate may cause inaccurate times.
  • Supply counts are checked every 10 seconds.